 Dungeon Crawl Stone Soup version 0.16-a0-360-g33738f0 (webtiles) character file.

210444 MRaven the Eclecticist (level 18, 0/102 HPs)
             Began as a Deep Elf Conjurer on Sept 7, 2014.
             Was a High Priest of Vehumet.
             Slain by Ilsuiw
             ... wielding a +5 trident of freezing
              (4 damage)
             ... on Level 5 of the Shoals on Sept 11, 2014.
             The game lasted 07:05:42 (63298 turns).

MRaven the Eclecticist (Deep Elf Conjurer)         Turns: 63298, Time: 07:05:42

HP   0/102       AC 13     Str  5      XL: 18   Next: 56%
MP  16/43        EV 20     Int 39      God: Vehumet [*****.]
Gold 4003        SH  7     Dex 15      Spells: 11 memorised,  7 levels left

rFire  x . .     SeeInvis .     w - +9 dagger (protect)
rCold  + . .     Clarity  .     m - +1 robe "Tridoss" {+Blink rN+ Int+3 Stlth++}
rNeg   + + .     rCorr    .     y - +2 buckler
rPois  +         rRot     .     c - +2 hat {Int+3}
rElec  +         Spirit   .     O - +1 cloak {rPois}
SustAb .         Warding  .     k - +0 pair of gloves
rMut   +         Stasis   .     (no boots)
Gourm  .                        Y - amulet of resist mutation
MR     +....                    K - +4 ring of intelligence
                                J - ring of Xom's Entertainment {Ice rElec rN+}

@: very slightly contaminated, hasted, very quick, somewhat resistant to hostile
enchantments, stealthy
A: no striking features
a: Renounce Religion, Evoke Blink


You were on level 5 of the Shoals.
You worshipped Vehumet.
Vehumet was extremely pleased with you.
You were not hungry.

You visited 6 branches of the dungeon, and saw 38 of its levels.
You also visited: Ice Cave.

You collected 4120 gold pieces.
You spent 117 gold pieces at shops.

Inventory:

Hand weapons
 w - a +9 dagger of protection (weapon)
Armour
 c - a +2 hat of intelligence (worn)
 k - a +0 pair of gloves (worn)
 m - the +1 robe "Tridoss" (worn) {+Blink rN+ Int+3 Stlth++}
   (You found it on level 12 of the Dungeon)

   It affects your intelligence (+3).
   It protects you from negative energy.
   It lets you blink.
   It makes you much more stealthy.
 y - a +2 buckler (worn)
 O - a +1 cloak of poison resistance (worn)
Magical devices
 e - a wand of fireball (4)
 r - a wand of digging (11)
 B - a wand of cold (6)
 X - a wand of teleportation (1)
Comestibles
 b - 24 bread rations
 h - a chunk of harpy flesh
 E - 13 meat rations
Scrolls
 d - a scroll of recharging
 t - 2 scrolls of magic mapping
 A - 6 scrolls of remove curse
 D - 4 scrolls of fog
 F - 2 scrolls of enchant weapon
 G - 2 scrolls of amnesia
 L - a scroll of holy word
 M - a scroll of vulnerability
Jewellery
 a - an uncursed ring of invisibility
 i - an uncursed ring of sustain abilities
 l - an uncursed ring of protection from magic
 J - the ring of Xom's Entertainment (left hand) {Ice rElec rN+}
   (You found it on level 5 of the Lair of Beasts)

   [ring of ice]

   It enhances your ice magic, and weakens your fire magic.
   It makes you vulnerable to fire.
   It protects you from cold.
   It insulates you from electricity.
   It protects you from negative energy.
 K - a +4 ring of intelligence (right hand)
 T - an uncursed ring of protection from cold
 V - an uncursed ring of poison resistance
 Y - an amulet of resist mutation (around neck)
Potions
 f - a potion of cure mutation {unknown}
 g - 5 potions of might
 j - a potion of berserk rage
 n - 3 potions of agility
 o - 5 potions of curing
 q - a potion of magic {unknown}
 s - 4 potions of resistance
 u - 2 potions of brilliance
 z - a potion of cancellation
 C - 5 potions of mutation
 N - 4 potions of restore abilities
 U - 2 potions of heal wounds
Books
 p - a book of Wizardry

   Spells                             Type                      Level
   Agony                              Necromancy                   5
   Force Lance                        Conjuration                  5
   Dispersal                          Translocation                6
   *Haste                             Charms                       6
   Invisibility                       Hexes                        6
   Spellforged Servitor               Conjuration/Summoning        7
 v - a book of Fire

   Spells                             Type                      Level
   Ignite Poison                      Fire/Transmutation           5
   Fireball                           Conjuration/Fire             5
   Bolt of Fire                       Conjuration/Fire             6
   Delayed Fireball                   Conjuration/Fire             7
   Ring of Flames                     Charms/Fire                  7
 H - a book of the Warp

   Spells                             Type                      Level
   Control Teleport                   Charms/Translocation         4
   Phase Shift                        Translocation                5
   Warp Weapon                        Charms/Translocation         5
   Dispersal                          Translocation                6
   Controlled Blink                   Translocation                7
   Disjunction                        Translocation                8
 W - a book of Dreams

   Spells                             Type                      Level
   Ensorcelled Hibernation            Hexes/Ice                    2
   *Flight                            Charms/Air                   3
   Phase Shift                        Translocation                5
   Shadow Creatures                   Summoning                    5
   Mass Confusion                     Hexes                        6
   Darkness                           Hexes                        7


   Skills:
 - Level 7.6 Fighting
 - Level 11.7 Dodging
 - Level 2.4 Stealth
 - Level 5.0 Shields
 * Level 19.8 Spellcasting
 * Level 17.4 Conjurations
 - Level 10.3 Charms
 - Level 4.0 Necromancy
 - Level 9.8 Transmutations
 * Level 16.0 Fire Magic
 - Level 11.0 Earth Magic


You had 7 spell levels left.
You knew the following spells:

 Your Spells              Type           Power        Failure   Level  Hunger
a - Magic Dart            Conj           ####         0%          1    None
b - Flight                Chrm/Air       ######....   1%          3    None
c - Iskenderun's Mystic   Conj           ########     0%          4    None
d - Iskenderun's Battles  Conj/Chrm      #######.     1%          5    None
e - Bolt of Magma         Conj/Fire/Erth ######....   1%          5    None
f - Statue Form           Trmt/Erth      #######..    1%          6    None
g - Sublimation of Blood  Necr           ######....   1%          2    None
h - Haste                 Chrm           #######.     1%          6    None
i - Sticky Flame          Conj/Fire      ######..     0%          4    None
j - Lee's Rapid Deconstr  Erth           #######...   1%          5    None
l - Lehudib's Crystal Sp  Conj/Erth      #######...   4%          8    ###....


Dungeon Overview and Level Annotations

Branches:
Dungeon (15/15)            Temple (1/1) D:5             Orc (4/4) D:10
    Elf (0/3) Orc:3          Lair (8/8) D:9          Shoals (5/5) Lair:5
 Spider (5/5) Lair:4        Slime (0/6) Lair:7       Vaults (0/5) D:13
 Depths (0/5) D:15

Altars:
Ashenzari
Cheibriados
Dithmenos
Elyvilon
Fedhas
Gozag
Kikubaaqudgha
Makhleb
Nemelex Xobeh
Okawaru
Qazlal
Sif Muna
Trog
Vehumet
Xom
Yredelemnul
Zin
The Shining One
Beogh

Shops:
D:15 =   Orc:1 (   Orc:4 (:[(   Shoals:3 [   Shoals:4 *

Portals:
Hell: Lair:8

Annotations:
Shoals:5 Ilsuiw


Message History

The merfolk javelineer throws a javelin of penetration.
The javelin of penetration pierces through you!
Things that are here:
a javelin of penetration; 3 sling bullets You enter the shallow water.
Moving in this stuff is going to be slow.
The shard of ice misses you.
The merfolk javelineer throws a javelin of penetration.
The javelin of penetration pierces through you!!
* * * LOW HITPOINT WARNING * * *
You hear a splash.
You see here a javelin of penetration.
Read which item? (? for menu, Esc to quit)
As you read the scroll of fog, it crumbles to dust.
The scroll dissolves into smoke.
You block the water elemental's attack.
The merfolk javelineer throws a javelin.
The javelin hits you!!
* * * LOW HITPOINT WARNING * * *
Something hits you.
You die...

).).)≈(((≈([m≈≈...≈≈PP≈≈≈≈≈≈≈≈≈≈≈
#.....m≈≈≈≈≈≈≈≈....P(≈≈≈≈≈P≈≈≈≈≈≈
#.....≈≈≈≈≈(≈≈≈....≈P≈≈≈≈≈≈≈≈≈≈≈≈
#....≈≈≈≈≈≈m≈§≈..(≈|)≈≈P≈≈≈≈≈≈≈≈≈
#"..≈≈≈≈≈≈≈≈≈m≈(..≈≈≈≈≈P≈PPP≈≈≈≈≈
≈≈≈≈≈≈≈#####≈≈.§§§§≈≈PPPPPPP≈≈≈≈≈
≈≈≈≈≈≈##,,,##.≈§E§≈≈≈P≈PPPP≈≈≈≈≈≈
≈≈≈≈≈≈*,,,,,#≈§§E§≈≈≈≈PPP≈≈≈≈≈≈≈≈
≈≈≈≈,≈*,,,,,#≈{§@§≈≈≈≈≈≈≈≈≈≈≈≈≈≈≈
≈≈≈,,,*,,,,,#≈≈§§§≈≈≈≈≈≈≈≈≈≈≈≈≈≈≈
≈≈,,,,**,,,*#≈≈≈≈≈≈≈≈≈≈≈≈≈≈≈≈≈≈≈≈
≈,,,,,,**+*#≈≈≈≈≈≈≈≈≈≈≈≈≈≈≈≈≈≈≈≈≈
,,,,,,,,,.P≈≈≈P≈≈≈≈≈≈≈≈≈≈≈≈≈≈≈≈≈≈
,,*****...≈P≈PP≈≈≈≈≈≈≈≈≈≈≈≈≈≈≈≈≈≈
,**,,,*#...PPP≈P≈≈≈≈≈≈≈≈≈≈≈≈≈≈≈≈≈
,*,,,,,*.P.PPPP≈≈≈≈≈≈≈≈≈≈≈≈≈≈≈≈≈≈
,*,,,,,+,.≈≈PP≈≈≈≈≈≈≈≈≈≈≈≈≈≈≈≈≈≈≈


You could see 2 merfolk javelineers and 2 water elementals.

Vanquished Creatures
  Asterion (Shoals:3)
  Polyphemus (Shoals:2)
  Rupert (D:14)
  Agnes (Shoals:2)
  A frost giant (IceCv)
  Donald (Orc:3)
  Wiglaf (Spider:4)
  The ghost of braks the Fencer, a powerful DsAK of Lugonu (Spider:2)
  Gastronok (D:12)
  An emperor scorpion (Spider:5)
  A dire elephant (Lair:8)
  5 merfolk javelineers
  An ettin (Orc:1)
  The ghost of wvc the Bludgeoner, a powerful OgAK of Lugonu (Lair:1)
  4 merfolk impalers
  Fannar (Orc:3)
  Nessos (Spider:2)
  5 hydras
  2 sirens (Shoals:1)
  Erica (D:11)
  3 centaur warriors
  3 tengu warriors
  4 merfolk aquamancers
  An ogre mage (Orc:3)
  The ghost of Conn321 the Hoplite, an experienced MiFi of Trog (Orc:2)
  2 satyrs (Shoals:5)
  The ghost of MRaven the Sneak, an experienced DsWn of Dithmenos (D:9)
  An orc high priest (Orc:4)
  16 death yaks
  3 catoblepae
  A fire crab (Lair:6)
  A flayed ghost (D:15)
  5 skeletal warriors
  16 orb spiders
  An unseen horror (D:12)
  13 sea snakes
  3 ice statues
  5 hill giants
  24 harpies
  3 necromancers
  An ironbrand convoker (D:13)
  4 orc sorcerers (Orc:4)
  A faun (Shoals:3)
  A wizard (Lair:8)
  2 red wasps (Spider:5)
  A cyclops (D:11)
  A sixfirhy (Lair:8)
  10 ugly things
  5 manticores
  25 elephants
  An orc knight (Orc:4)
  27 wolf spiders
  2 moths of wrath
  14 griffons
  A stone giant zombie (D:15)
  7 water nymphs
  3 orange demons (Lair:8)
  4 black mambas
  10 mermaids
  13 spiny frogs
  A feature mimic (Lair:3)
  4 gargoyles
  4 torpor snails
  An orange crystal statue (D:12)
  A centaur skeleton (D:15)
  Psyche (Orc:3)
  A death yak zombie (D:15)
  A queen ant (Lair:8)
  A smoke demon (Lair:8)
  10 demonic crawlers
  11 komodo dragons
  7 fire drakes
  A komodo dragon (shapeshifter) (D:15)
  2 red devils (Lair:8)
  4 blue devils (Lair:8)
  A hydra zombie (D:14)
  8 trolls
  4 two-headed ogres
  20 polar bears
  31 jumping spiders
  33 merfolk
  6 snapping turtles
  A wind drake (Shoals:2)
  5 ravens
  A griffon zombie (D:11)
  9 blink frogs
  3 basilisks
  15 slime creatures
  22 tarantellas
  A fire dragon skeleton (D:15)
  A shadow (D:12)
  49 redbacks
  21 trapdoor spiders
  13 water elementals
  102 yaks
  4 vampire mosquitoes (D:15)
  3 wraiths
  A hill giant zombie (D:11)
  3 wyverns
  A deep elf mage (D:13)
  A spriggan (D:7)
  3 hungry ghosts
  13 hippogriffs
  21 wolves
  2 wargs
  15 porcupines
  29 spiders
  5 soldier ants (Lair:8)
  22 water moccasins
  4 ice beasts
  A mottled dragon (D:11)
  A hell hound (Lair:8)
  8 ogres
  4 sky beasts
  2 necrophages
  8 black bears
  3 yellow wasps
  4 boring beetles
  3 phantoms
  22 orc warriors
  7 centaurs
  3 big kobolds
  3 brain worms
  21 crocodiles
  A yaktaur zombie (D:15)
  Blork the orc (D:8)
  20 giant frogs
  A cyclops zombie (D:14)
  A wyvern zombie (D:10)
  7 scorpions
  2 eyes of draining
  3 troll zombies (D:10)
  An elf skeleton (D:14)
  2 yak zombies (D:10)
  19 killer bees
  16 wights
  3 electric eels (Spider:3)
  5 crimson imps
  3 centaur zombies
  17 hounds
  3 goliath beetles (D:6)
  An iron imp (Orc:4)
  9 jellies
  12 iguanas
  34 orc priests
  38 orc wizards
  A two-headed ogre skeleton (D:11)
  18 worker ants
  25 sheep
  A killer bee zombie (D:7)
  5 ogre zombies (D:10)
  A sky beast zombie (D:10)
  2 worker ant zombies
  26 adders
  13 gnolls
  22 orc zombies
  95 green rats
  2 giant mites
  4 shadow imps
  3 worms
  An adder zombie (D:5)
  An iguana skeleton (D:6)
  An adder skeleton (D:7)
  3 orc skeletons
  4 oozes
  182 orcs
  A ball python (D:3)
  18 bats
  4 giant cockroaches
  17 goblins
  14 hobgoblins
  15 jackals
  9 quokkas
  2 giant geckos
  A giant newt (D:2)
  A giant spore (D:12)
  A goblin skeleton (D:10)
  4 goblin zombies (D:10)
  2 hobgoblin skeletons (D:10)
  2 hobgoblin zombies (D:10)
  35 kobolds
  A kobold zombie (D:7)
  42 rats
  3 rat skeletons
  2 ballistomycetes (D:12)
  A fungus (Lair:6)
  20 plants
1689 creatures vanquished.

Vanquished Creatures (others)
  A worker ant (D:12)
  16 fungi
  42 plants
59 creatures vanquished.

Grand Total: 1748 creatures vanquished

Notes
Turn   | Place    | Note
--------------------------------------------------------------
     0 | D:1      | MRaven, the Deep Elf Conjurer, began the quest for the Orb.
     0 | D:1      | Reached XP level 1. HP: 10/10 MP: 5/5
   371 | D:1      | Reached XP level 2. HP: 15/15 MP: 6/8
   375 | D:1      | Learned a level 2 spell: Searing Ray
   695 | D:1      | Reached skill level 5 in Conjurations
  1141 | D:1      | Reached XP level 3. HP: 20/20 MP: 8/11
  1512 | D:2      | Reached skill level 1 in Fighting
  1933 | D:2      | Reached XP level 4. HP: 25/25 MP: 8/14
  1978 | D:2      | Learned a level 4 spell: Iskenderun's Mystic Blast
  2227 | D:2      | Reached skill level 6 in Conjurations
  2540 | D:2      | Reached XP level 5. HP: 29/29 MP: 13/18
  3631 | D:3      | Reached skill level 5 in Spellcasting
  4079 | D:4      | Found a glowing golden altar of the Shining One.
  4147 | D:4      | Noticed an ogre
  4165 | D:4      | Killed an ogre
  4165 | D:4      | Reached skill level 7 in Conjurations
  4165 | D:4      | Reached XP level 6. HP: 26/34 MP: 13/21
  4701 | D:5      | Entered Level 5 of the Dungeon
  5166 | D:5      | Learned a level 5 spell: Iskenderun's Battlesphere
  5180 | D:5      | Reached XP level 7. HP: 38/38 MP: 21/24
  5266 | D:5      | Reached skill level 8 in Conjurations
  5393 | D:5      | Found a staircase to the Ecumenical Temple.
  5467 | Temple   | Entered the Ecumenical Temple
  5489 | Temple   | Became a worshipper of Vehumet
  6220 | D:6      | Learned a level 5 spell: Bolt of Magma
  6282 | D:6      | Noticed a troll
  6903 | D:6      | Found a shattered altar of Ashenzari.
  6903 | D:6      | Found an iron altar of Okawaru.
  6908 | D:6      | Reached skill level 1 in Earth Magic
  6984 | D:6      | Reached skill level 1 in Fire Magic
  7279 | D:6      | Reached XP level 8. HP: 39/43 MP: 20/26
  7495 | D:6      | Acquired Vehumet's first power
  7495 | D:6      | Offered knowledge of Sandblast by Vehumet.
  7806 | D:6      | Reached skill level 9 in Conjurations
  8037 | D:6      | Killed a troll
  8639 | D:7      | Learned a level 6 spell: Statue Form
  9111 | D:7      | Reached XP level 9. HP: 26/47 MP: 20/29
  9556 | D:7      | Reached skill level 10 in Spellcasting
  9668 | D:7      | Offered knowledge of Freeze by Vehumet.
 10680 | D:8      | Reached skill level 5 in Earth Magic
 10792 | D:8      | Noticed Blork the orc
 10796 | D:8      | Killed Blork the orc
 10796 | D:8      | Offered knowledge of Throw Flame by Vehumet.
 10796 | D:8      | Reached skill level 10 in Conjurations
 10852 | D:8      | Identified a scroll of acquirement
 10938 | D:8      | Reached skill level 11 in Spellcasting
 11031 | D:8      | Reached skill level 5 in Fire Magic
 11415 | D:8      | Acquired Vehumet's second power
 11829 | D:9      | Reached XP level 10. HP: 52/52 MP: 21/32
 12200 | D:9      | Noticed MRaven's ghost (experienced DsWn)
 12210 | D:9      | Killed MRaven's ghost
 12210 | D:9      | Reached skill level 12 in Spellcasting
 12708 | D:9      | Found a staircase to the Lair.
 12827 | Lair:1   | Entered Level 1 of the Lair of Beasts
 13415 | Lair:1   | Noticed wvc's ghost (powerful OgAK)
 13478 | Lair:2   | Offered knowledge of Inner Flame by Vehumet.
 13478 | Lair:2   | Reached skill level 13 in Spellcasting
 13981 | Lair:2   | Reached XP level 11. HP: 56/56 MP: 18/35
 14663 | Lair:2   | Reached skill level 14 in Spellcasting
 14808 | Lair:2   | Got a heavily jewelled robe
 14819 | Lair:2   | Identified the +2 robe "Mifathot" {Str-4 Int-5} (You found it on level 2 of the Lair of Beasts)
 14923 | Lair:2   | Reached skill level 1 in Charms
 15363 | Lair:3   | Acquired Vehumet's third power
 15370 | Lair:3   | Reached skill level 1 in Transmutations
 15376 | Lair:3   | Noticed a six-headed hydra
 15533 | Lair:3   | Learned a level 2 spell: Sublimation of Blood
 15545 | Lair:3   | Killed a six-headed hydra
 15545 | Lair:3   | Offered knowledge of Olgreb's Toxic Radiance by Vehumet.
 15606 | Lair:3   | Identified a +0 rod of the swarm (11/11) (You found it on level 3 of the Lair of Beasts)
 15886 | Lair:3   | Learned a level 6 spell: Haste
 16893 | Lair:4   | Reached skill level 15 in Spellcasting
 16912 | Lair:4   | Reached skill level 5 in Charms
 16966 | Lair:4   | Noticed a catoblepas
 16971 | Lair:4   | Killed a catoblepas
 17216 | Lair:4   | Offered knowledge of Sticky Flame by Vehumet.
 17216 | Lair:4   | Reached skill level 5 in Dodging
 17216 | Lair:4   | Reached XP level 12. HP: 64/64 MP: 30/37
 17247 | Lair:4   | Learned a level 4 spell: Sticky Flame
 17592 | Lair:4   | Noticed a death yak
 17595 | Lair:4   | Noticed a death yak
 17595 | Lair:4   | Killed a death yak
 17596 | Lair:4   | Noticed a death yak
 17600 | Lair:4   | Killed a death yak
 17603 | Lair:4   | Killed a death yak
 17793 | Lair:4   | Noticed a death yak
 17793 | Lair:4   | Noticed a death yak
 17793 | Lair:4   | Noticed a death yak
 17797 | Lair:4   | Killed a death yak
 17799 | Lair:4   | Killed a death yak
 17799 | Lair:4   | Killed a death yak
 17875 | Lair:4   | Found a hole to the Spider Nest.
 17910 | Lair:4   | Noticed an eight-headed hydra
 17920 | Lair:4   | Killed an eight-headed hydra
 17920 | Lair:4   | Reached skill level 16 in Spellcasting
 18395 | Lair:5   | Got a steaming iron ring
 18408 | Lair:5   | Reached skill level 5 in Transmutations
 19553 | Lair:5   | Found a staircase to the Shoals.
 20051 | Lair:6   | Reached XP level 13. HP: 72/72 MP: 16/38
 20241 | Lair:6   | Noticed a seven-headed hydra
 20244 | Lair:6   | Killed a seven-headed hydra
 20354 | Lair:6   | Reached skill level 17 in Spellcasting
 20633 | Lair:6   | Reached skill level 5 in Fighting
 22448 | Lair:7   | Offered knowledge of Bolt of Fire by Vehumet.
 22727 | Lair:7   | Found a deep blue altar of Sif Muna.
 22801 | Lair:7   | Identified the ring of Xom's Entertainment {Ice rElec rN+} (You found it on level 5 of the Lair of Beasts)
 22807 | Lair:7   | Found a staircase to the Slime Pits.
 23154 | Lair:7   | Reached skill level 10 in Charms
 23559 | Lair:7   | Reached skill level 18 in Spellcasting
 24664 | Lair:8   | Entered Level 8 of the Lair of Beasts
 24856 | Lair:8   | Identified a +0 rod of the swarm (9/9) (You found it on level 5 of the Lair of Beasts)
 25106 | Lair:8   | Reached XP level 14. HP: 73/80 MP: 29/40
 25453 | Lair:8   | Reached skill level 1 in Necromancy
 26382 | Lair:8   | Noticed a dire elephant
 26391 | Lair:8   | Killed a dire elephant
 26914 | Lair:8   | Upgraded the game from 0.16-a0-331-g39fd2ee to 0.16-a0-343-gabea0e8
 28054 | Lair:8   | Reached skill level 10 in Dodging
 28134 | Lair:8   | Found a burning altar of Makhleb.
 28139 | Lair:8   | Offered knowledge of Lee's Rapid Deconstruction by Vehumet.
 29906 | Lair:8   | Found a gateway to Hell.
 29915 | Lair:8   | Identified the Grimoire of Icy Confrontation
 30236 | Lair:3   | Learned a level 5 spell: Lee's Rapid Deconstruction
 30298 | Lair:3   | Learned a level 4 spell: Petrify
 30340 | Lair:1   | Killed wvc's ghost
 30552 | D:10     | Entered Level 10 of the Dungeon
 30552 | D:10     | Found a staircase to the Orcish Mines.
 30857 | D:10     | Got a smoking whip
 30858 | D:10     | Identified the +1 whip of Natat {holy, rN+} (You found it on level 10 of the Dungeon)
 32257 | D:11     | Offered knowledge of Conjure Ball Lightning by Vehumet.
 32423 | D:11     | Noticed Erica
 32428 | D:11     | Killed Erica
 33877 | D:12     | Reached XP level 15. HP: 86/86 MP: 17/41
 35581 | D:12     | Learned a level 3 spell: Flight
 35585 | D:12     | Got a fabulously ornate robe
 35596 | D:12     | Identified the +1 robe "Tridoss" {+Blink rN+ Int+3 Stlth++} (You found it on level 12 of the Dungeon)
 36447 | D:12     | Upgraded the game from 0.16-a0-343-gabea0e8 to 0.16-a0-347-ge97bf62
 36449 | D:13     | Noticed Gastronok
 36830 | D:12     | Killed Gastronok
 37021 | D:13     | Got a brightly glowing cloak
 37032 | D:13     | Identified the +1 cloak of the Salmon {Str+5 Int-4} (You acquired it on level 13 of the Dungeon)
 37507 | D:13     | Found a gate to the Vaults.
 37762 | D:13     | Offered knowledge of Poison Arrow by Vehumet.
 38105 | D:14     | Reached skill level 10 in Fire Magic
 38711 | D:14     | Noticed Rupert
 38720 | D:14     | Killed Rupert
 39383 | D:15     | Entered Level 15 of the Dungeon
 39710 | D:15     | Found Uclab Nim's Jewellery Boutique.
 40042 | D:15     | Found a staircase to the Depths.
 40537 | D:15     | Offered knowledge of Poisonous Cloud by Vehumet.
 41003 | Orc:1    | Entered Level 1 of the Orcish Mines
 41003 | Orc:1    | Found Lukhlahesh's Antique Weapon Emporium.
 41366 | Orc:1    | Found a burning altar of Makhleb.
 42203 | Orc:2    | Found a frozen archway.
 42213 | IceCv    | Entered an ice cave
 42233 | IceCv    | Reached skill level 19 in Spellcasting
 42633 | IceCv    | Reached XP level 16. HP: 92/92 MP: 23/42
 42922 | IceCv    | Offered knowledge of Orb of Destruction by Vehumet.
 44075 | Orc:2    | Noticed Conn321's ghost (experienced MiFi)
 44080 | Orc:2    | Killed Conn321's ghost
 44515 | Orc:3    | Found a staircase to the Elven Halls.
 44922 | Orc:3    | Noticed Fannar
 44928 | Orc:3    | Killed Fannar
 45156 | Orc:3    | Noticed Psyche
 45157 | Orc:3    | Killed Psyche
 45192 | Orc:3    | Noticed Donald
 45197 | Orc:3    | Killed Donald
 45492 | Orc:3    | Found a roughly hewn altar of Beogh.
 45910 | Orc:4    | Entered Level 4 of the Orcish Mines
 46071 | Orc:4    | Offered knowledge of Lehudib's Crystal Spear by Vehumet.
 46071 | Orc:4    | Offered knowledge of Fire Storm by Vehumet.
 46071 | Orc:4    | Offered knowledge of Tornado by Vehumet.
 46415 | Orc:4    | Reached skill level 1 in Shields
 46579 | Orc:4    | Found Gatramu's Armour Shop.
 46579 | Orc:4    | Found Wug Ahuc's Weapon Shop.
 46579 | Orc:4    | Found Nilid's Book Boutique.
 46582 | Orc:4    | Found Igoaffua's Antique Weapon Boutique.
 47416 | Lair:4   | Upgraded the game from 0.16-a0-347-ge97bf62 to 0.16-a0-357-g0c033bd
 47443 | Spider:1 | Entered Level 1 of the Spider Nest
 49089 | Spider:2 | Noticed braks' ghost (powerful DsAK)
 49631 | Spider:2 | Noticed Nessos
 49635 | Spider:2 | Killed Nessos
 50193 | Spider:2 | Killed braks' ghost
 51350 | Spider:3 | Upgraded the game from 0.16-a0-357-g0c033bd to 0.16-a0-360-g33738f0
 51512 | Spider:3 | Reached XP level 17. HP: 97/97 MP: 25/43
 52790 | Spider:4 | Reached skill level 15 in Conjurations
 53119 | Spider:4 | Noticed Wiglaf
 53125 | Spider:4 | Killed Wiglaf
 53407 | Spider:4 | Got a shimmering trident
 53408 | Spider:4 | Identified the cursed +1 trident of the Extremes {freeze, Str+1} (You found it on level 4 of the Spider Nest)
 54182 | Spider:5 | Entered Level 5 of the Spider Nest
 55149 | Spider:5 | Reached skill level 10 in Earth Magic
 56313 | Shoals:1 | Entered Level 1 of the Shoals
 56319 | Shoals:1 | Reached skill level 5 in Shields
 56733 | Shoals:1 | Got a steaming spear
 56824 | Shoals:1 | Identified the cursed -1 spear of the Open Hand {pierce, Str+2 Dex+3} (You found it on level 1 of the Shoals)
 57576 | Shoals:1 | Learned a level 8 spell: Lehudib's Crystal Spear
 58648 | Shoals:2 | Noticed Polyphemus
 58653 | Shoals:2 | Killed Polyphemus
 58974 | Shoals:2 | Reached XP level 18. HP: 102/102 MP: 10/43
 59216 | Shoals:2 | Noticed Agnes
 59218 | Shoals:2 | Killed Agnes
 59218 | Shoals:2 | Reached skill level 15 in Fire Magic
 59310 | Shoals:2 | Identified Xurchida's Papyrus of Arcane Weapons
 59578 | Shoals:3 | Got a jewelled morningstar
 59712 | Shoals:3 | Identified the +5 morningstar of Gehenna {flame, Dex+1} (You found it on level 3 of the Shoals)
 59756 | Shoals:3 | Noticed Asterion
 60244 | Shoals:3 | Killed Asterion
 61325 | Shoals:3 | Found Zywujo's Armour Shop.
 61985 | Shoals:4 | Found Baadd's General Store.
 61995 | Shoals:4 | Bought 2 potions of curing for 52 gold pieces
 61995 | Shoals:4 | Bought a scroll of identify for 26 gold pieces
 61995 | Shoals:4 | Bought a scroll of remove curse for 39 gold pieces
 62468 | Shoals:5 | Entered Level 5 of the Shoals
 63278 | Shoals:5 | Noticed Ilsuiw
 63298 | Shoals:5 | HP: 4/102 [merfolk javelineer/ javelin (21)]
 63298 | Shoals:5 | Slain by Ilsuiw

Action                   |  1- 3 |  4- 6 |  7- 9 | 10-12 | 13-15 | 16-18 || total
-------------------------+-------+-------+-------+-------+-------+-------++-------
Melee: Unarmed           |     3 |       |       |       |       |       ||     3
       Whip              |    50 |       |       |       |       |       ||    50
       Dagger            |       |     1 |    28 |     7 |    62 |    45 ||   143
 Cast: Magic Dart        |    57 |   133 |   180 |   233 |   290 |   490 ||  1383
       Searing Ray       |     9 |    14 |    52 |    14 |       |       ||    89
       Iskenderun's Myst |       |       |    26 |    86 |    92 |   319 ||   523
       Iskenderun's Batt |       |       |     8 |    51 |   165 |   222 ||   446
       Bolt of Magma     |       |       |     7 |    93 |   533 |   271 ||   904
       Sticky Flame      |       |       |       |     6 |    91 |    66 ||   163
       Haste             |       |       |       |       |     4 |     7 ||    11
       Lee's Rapid Decon |       |       |       |       |    23 |    11 ||    34
       Sublimation of Bl |       |       |       |       |     6 |     5 ||    11
       Statue Form       |       |       |       |       |     1 |       ||     1
       Flight            |       |       |       |       |     1 |     1 ||     2
       Lehudib's Crystal |       |       |       |       |       |     8 ||     8
Evoke: Wand              |       |     1 |       |     2 |     5 |     4 ||    12
  Use: Scroll            |       |     4 |    16 |     3 |    19 |    27 ||    69
       Potion            |       |       |     2 |     1 |     3 |    12 ||    18
  Eat: Chunk             |     3 |    10 |    16 |    21 |    48 |    50 ||   148
       Fruit             |       |       |     4 |     5 |     3 |     8 ||    20
       Beef jerky        |       |       |     1 |       |     5 |     2 ||     8
       Royal jelly       |       |       |     1 |       |     1 |     1 ||     3
       Pizza             |       |       |       |       |     3 |     3 ||     6
       Meat ration       |       |       |       |       |     1 |       ||     1
